 Dungeon Crawl Stone Soup version 0.28.0-47-ge53b351184 (webtiles) character file.

Game seed: 1401728935674162843

973 Zeld the Shield-Bearer (level 7, -2/63 HPs)
             Began as a Minotaur Fighter on Apr 27, 2022.
             Slain by Joseph
             ... wielding a +4 quarterstaff of speed
              (11 damage)
             ... on level 7 of the Dungeon.
             The game lasted 00:03:30 (3934 turns).

Zeld the Shield-Bearer (Minotaur Fighter)           Turns: 3934, Time: 00:03:31

Health: -2/63      AC:  7    Str: 23    XL:     7   Next: 94%
Magic:  6/6        EV: 10    Int:  5    God:
Gold:   211        SH:  5    Dex:  9    Spells: 6/6 levels left

rFire   . . .      SeeInvis .   a - +0 war axe
rCold   . . .      Faith    .   q - +0 buckler
rNeg    . . .      Spirit   .   b - +0 scale mail
rPois   .          Reflect  .   (helmet restricted)
rElec   .          Harm     .   s - scarf {repulsion}
rCorr   .          Rampage  .   (no gloves)
Will    +....                   (no boots)
Stlth   ..........              (no amulet)
HPRegen 0.20/turn               g - ring of willpower
MPRegen 0.10/turn               (no ring)

@: repel missiles
A: horns 2, retaliatory headbutt
a: no special abilities


You were on level 7 of the Dungeon.
You visited 1 branch of the dungeon, and saw 7 of its levels.
You also visited: Sewer.

You collected 211 gold pieces.

Inventory:

Hand Weapons
 a - a +0 war axe (weapon)
Armour
 b - a +0 scale mail (worn)
 q - a +0 buckler (worn)
 s - a scarf of repulsion (worn)
Jewellery
 g - a ring of willpower (left hand)
 t - an amulet of regeneration
Scrolls
 i - a scroll of enchant armour {unknown}
 j - 3 scrolls of identify {unknown}
 k - a scroll of noise {unknown}
 m - a scroll of enchant weapon {unknown}
 o - a scroll of amnesia {unknown}
 p - 2 scrolls of vulnerability {unknown}
 r - a scroll of blinking {unknown}
 u - 3 scrolls of teleportation {unknown}
Potions
 c - 2 potions of curing {unknown}
 d - a potion of might
 e - 4 potions of flight {unknown}
 f - a potion of heal wounds {unknown}
 h - a potion of cancellation {unknown}
 l - a potion of degeneration {unknown}
 n - 2 potions of lignification {unknown}
 v - a potion of resistance {unknown}
 w - a potion of berserk rage


   Skills:
 * Level 6.2 Fighting
 * Level 5.6 Axes
 + Level 5.1 Armour
 + Level 3.1 Dodging
 + Level 2.4 Stealth
 * Level 6.2 Shields


You had 6 spell levels left.
You didn't know any spells.
Your spell library was empty.

Dungeon Overview and Level Annotations

Branches:
Dungeon (7/15)              Sewer (visited)
 Temple: D:4-7

Altars:
Elyvilon
Xom

Annotations:
D:6 Eustachio
D:7 1 runed translucent door, Joseph


Innate Abilities, Weirdness & Mutations

You have a pair of horns on your head.
You reflexively headbutt those who attack you in melee.


Message History

The centaur kicks you but does no damage.
You slash the centaur!
You kill the centaur!
Joseph unwields a +4 quarterstaff of speed.
Joseph wields a +0 hunting sling.
Joseph shoots a sling bullet.
The sling bullet barely misses you.
Joseph shoots a sling bullet.
The sling bullet barely misses you.
Things that are here:
a +0 shortbow; 20 arrows Joseph shoots a sling bullet.
The sling bullet hits you!!
Joseph unwields a +0 hunting sling.
Joseph wields a +4 quarterstaff of speed.
Joseph closely misses you. You furiously retaliate!
You headbutt Joseph! You slash Joseph!
Joseph is moderately wounded.
Joseph hits you with a +4 quarterstaff of speed! x2
* * * LOW HITPOINT WARNING * * *
You are too injured to fight recklessly!
Sorry, you're not good enough to have a special ability.
Sorry, you're not good enough to have a special ability.
You barely miss Joseph. You headbutt Joseph!
Joseph is heavily wounded.
You block Joseph's attack.
You closely miss Joseph.
Joseph is heavily wounded.
Joseph says, "I'm happy to see you. And I'll be happy to kill you."
Joseph hits you but does no damage.
Joseph hits you with a +4 quarterstaff of speed.
* * * LOW HITPOINT WARNING * * *
You hit Joseph.
Joseph is severely wounded.
Joseph closely misses you.
Joseph hits you with a +4 quarterstaff of speed.
* * * LOW HITPOINT WARNING * * *
You barely miss Joseph. You headbutt Joseph, but do no damage.
Joseph is severely wounded.
Joseph hits you with a +4 quarterstaff of speed.
* * * LOW HITPOINT WARNING * * *
Joseph hits you with a +4 quarterstaff of speed!
You die...

#.##.# .### #..
.## ... ......
.##........#
....###.#..#
....+3#....####
....###@.......
.........@##.....
........#........
.....##.#)##.....
.....##.#.# ....
##........# ###
+.........#
#........#
######<#.# #.#.#


You could see Joseph.

Vanquished Creatures
  Pargi (Sewer)
  2 ice beasts (D:6)
  A centaur (D:7)
  A scorpion (D:6)
  A wyvern zombie (D:6)
  A howler monkey (D:4)
  2 jellies
  A hound (D:6)
  An orc priest (D:6)
  2 bullfrog skeletons (D:6)
  An iguana (D:5)
  3 orc wizards
  7 adders
  A shadow imp (D:6)
  A white imp (D:6)
  An ufetubus (D:4)
  3 worms
  4 dart slugs
  8 orcs
  5 endoplasms
  7 giant cockroaches
  2 goblins
  A hobgoblin (D:4)
  3 jackals (D:1)
  3 quokkas
  6 ball pythons
  13 bats
  4 kobolds
  6 rats
92 creatures vanquished.

Notes
Turn   | Place    | Note
-------+----------+-------------------------------------------
     0 | D:1      | Zeld the Minotaur Fighter began the quest for the Orb.
     0 | D:1      | Reached XP level 1. HP: 19/19 MP: 0/0
   187 | D:1      | Reached XP level 2. HP: 27/27 MP: 1/1
   520 | D:1      | Reached XP level 3. HP: 33/33 MP: 2/2
   919 | D:2      | Reached skill level 1 in Dodging
  1129 | D:4      | Reached XP level 4. HP: 28/41 MP: 3/3
  1456 | D:4      | Reached skill level 1 in Stealth
  1458 | D:4      | Reached XP level 5. HP: 17/47 MP: 4/4
  1793 | D:4      | Found a white marble altar of Elyvilon.
  1822 | D:4      | Found a shimmering altar of Xom.
  2543 | D:5      | Entered Level 5 of the Dungeon
  2734 | D:6      | Reached skill level 5 in Shields
  2747 | D:6      | Reached XP level 6. HP: 55/55 MP: 5/5
  2780 | D:6      | Reached skill level 5 in Fighting
  2909 | D:6      | Identified the +3 trident "Cietit" {pain, rF++ rC- Int+3
                  | SInv}
  3017 | D:6      | Reached XP level 7. HP: 21/61 MP: 6/6
  3189 | D:6      | Reached skill level 5 in Axes
  3265 | D:6      | Found a glowing drain.
  3269 | Sewer    | Entered a sewer
  3318 | Sewer    | Noticed Pargi
  3337 | Sewer    | Killed Pargi
  3338 | Sewer    | Reached skill level 5 in Armour
  3858 | D:6      | Noticed Eustachio
  3922 | D:7      | Found a runed translucent door.
  3922 | D:7      | Noticed a sixfirhy
  3923 | D:7      | Noticed Joseph
  3934 | D:7      | Slain by Joseph

Illustrated notes

Levels and vault maps discovered:
D:1:      kennysheep_arrival_seaside, layout_basic, hangedman_feature_mirror
D:2:      layout_basic
D:3:      layout_basic, hangedman_decor_riveting, uniq_grinder, uniq_natasha
D:4:      layout_cave_pods, mainiacjoe_overflow_brackets,
          nicolae_elyvilon_peaceful_grove, serial_rivers,
          chequers_serial_rivers_small_b, chequers_serial_rivers_small_b,
          chequers_serial_rivers_micro_c, chequers_serial_rivers_room_a,
          chequers_serial_rivers_micro_b, minmay_misc_feat_pillars,
          minmay_hedge_maze
D:5:      layout_basic, overflow_temple_1_default
D:6:      layout_cave_pools, gup_sewer_entry_spiral, uniq_eustachio,
          uniq_crazy_yiuf_cottage
D:7:      cheibrodos_shockbox, layout_basic, general_overflow_altar,
          temple_doors_cd, minivault_19, minmay_misc_feat_four_crosses,
          uniq_harold, uniq_joseph

Skill      XL: |  1  2  3  4  5  6  7 |
---------------+----------------------+-----
Fighting       | 4 5 6 |  6.2
Shields        | 4 5 6 |  6.2
Axes           | 3 4 5 |  5.6
Dodging        | 1 2 3 |  3.1
Armour         | 4 5 |  5.1
Stealth        | 1 2 |  2.4

Action                   |  1- 3 |  4- 6 |  7- 9 || total
-------------------------+-------+-------+-------++-------
Melee: War axe           |    88 |    74 |    76 ||   238
       Headbutt          |    11 |    15 |    16 ||    42
Armor: Scale mail        |    53 |    25 |    57 ||   135
Dodge: Dodged            |    41 |    43 |    46 ||   130
Block: Buckler           |    27 |    14 |    33 ||    74
